 Dungeon Crawl Stone Soup version 0.17-a0-528-gc205fd0 (webtiles) character file.

1621 Kisielow the Covered (level 8, -6/73 HPs)
             Began as a Minotaur Fighter on Apr 12, 2015.
             Mangled by a cyan ugly thing (14 damage)
             ... on level 6 of the Dungeon.
             The game lasted 00:16:27 (6361 turns).

Kisielow the Covered (Minotaur Fighter)             Turns: 6361, Time: 00:16:28

Health: -6/73      AC: 14    Str: 24    XL:     8   Next: 64%
Magic:  16/16      EV: 12    Int:  5    God:
Gold:   405        SH: 11    Dex: 14    Spells: 0 memorised, 7 levels left

rFire  . . .     SeeInvis +     a - +0 long sword
rCold  . . .     Clarity  .     F - +0 chain mail
rNeg   . . .     SustAb   .     c - +0 shield
rPois  .         Gourm    .     (helmet restricted)
rElec  .         Spirit   .     y - +1 cloak
rCorr  +         Warding  .     (no gloves)
rMut   .         Stasis   .     j - +0 pair of boots
MR     .....                    s - amulet of resist corrosion
Stlth  ..........               v - ring of magical power
                                o - ring of see invisible

@: agile, not resistant to hostile enchantments, extremely unstealthy
A: retaliatory headbutt, horns 2
a: no special abilities


You were on level 6 of the Dungeon.
You were not hungry.

You visited 2 branches of the dungeon, and saw 7 of its levels.
You also visited: Ossuary.

You collected 405 gold pieces.

Inventory:

Hand weapons
 a - a +0 long sword (weapon)
 z - a cursed +0 shortbow
Missiles
 A - 58 arrows
Armour
 c - a +0 shield (worn)
 j - a +0 pair of boots (worn)
 y - a +1 cloak (worn)
 F - a +0 chain mail (worn)
Jewellery
 o - a ring of see invisible (left hand)
 s - an amulet of resist corrosion (around neck)
 v - a ring of magical power (right hand)
Magical devices
 b - a wand of magic darts (8)
 B - a wand of enslavement (11)
 C - a wand of paralysis (12)
Scrolls
 f - 3 scrolls of remove curse
 h - 2 scrolls of fear
 m - 2 scrolls of blinking
Potions
 i - a potion of mutation {unknown}
 n - a potion of lignification {unknown}
 p - 2 potions of ambrosia
 q - a potion of curing {unknown}
 w - 2 potions of resistance
 E - a potion of brilliance {unknown}
 G - a potion of invisibility
Books
 g - a Necronomicon {highlevel, unknown}

   This book is beyond your current level of understanding.

   Spells                             Type                      Level
   a - Haunt                          Necromancy/Summoning         7
   b - Borgnjor's Revivification      Necromancy                   8
   c - Death's Door                   Charms/Necromancy            8
   d - Necromutation                  Transmutation/Necromancy     8
 r - a book of Callings

   Spells                             Type                      Level
   a - Summon Small Mammal            Summoning                    1
   b - Call Imp                       Summoning                    2
   c - Call Canine Familiar           Summoning                    3
   d - Summon Guardian Golem          Hexes/Summoning              3
   e - Summon Lightning Spire         Summoning/Air                4
   f - Summon Ice Beast               Ice/Summoning                4
 t - Kikubaaqudgha's Reference Book on Stolen Souls
   (You found it on level 5 of the Dungeon)

   Spells                             Type                      Level
   a - Animate Skeleton               Necromancy                   1
 x - Sif Muna's Guide on the Voyage
   (You found it on level 5 of the Dungeon)

   Spells                             Type                      Level
   a - Apportation                    Translocation                1
 D - Vehumet's Catalogue of Confrontation
   (You found it on level 5 of the Dungeon)

   Spells                             Type                      Level
   a - Magic Dart                     Conjuration                  1
Comestibles
 d - 5 bread rations
 l - 3 meat rations
 u - a chunk of flesh


   Skills:
 * Level 7.1 Fighting
 * Level 7.0 Long Blades
 * Level 7.8 Armour
 * Level 7.5 Shields


You had 7 spell levels left.
You didn't know any spells.

Dungeon Overview and Level Annotations

Branches:
Dungeon (6/15)             Temple (1/1) D:4

Altars:
Dithmenos
Gozag
Kikubaaqudgha
Makhleb
Nemelex Xobeh
Qazlal
Ru
Sif Muna
Trog
Vehumet
Xom
Zin
The Shining One

Shops:
D:6 %


Innate Abilities, Weirdness & Mutations

You reflexively headbutt those who attack you in melee.
You have a pair of horns on your head.


Message History

You are too injured to fight recklessly!
You are too injured to fight recklessly!
You are too injured to fight recklessly!
You are too injured to fight recklessly!
You are too injured to fight recklessly!
You slash the cyan ugly thing!
Your headbutt misses the cyan ugly thing.
The cyan ugly thing is heavily wounded.
The cyan ugly thing claws you but does no damage.
You hit the cyan ugly thing but do no damage.
The cyan ugly thing is heavily wounded.
The cyan ugly thing closely misses you. You furiously retaliate!
You headbutt the cyan ugly thing.
Your shield and chain mail prevent you from hitting the cyan ugly thing.
The cyan ugly thing is heavily wounded.
The cyan ugly thing completely misses you.
The cyan ugly thing claws you.
* * * LOW HITPOINT WARNING * * *
The cyan ugly thing shocks you!
You die...

#.................###..
#..................##..
##.....#............รท..
##...####.............
##### #..##
##.........##. ###...#
#..# ##....######.
#...#.######## #...## #.
#..##..#.#.#$## #...# #.
#..##.###.#.@.# #...# #.
#..##..#.####u# ##..# #.
#..##.###.# .# #..# ##
##...#..#.## .# ##..# #
#....#.#.## .# #...#
#....#.### .# #...#
##....#.. .# ##...#
###.....##. ####....#
#........##### ###....##


You could see a cyan ugly thing.

Vanquished Creatures
  Prince Ribbit (D:6)
  Menkaure (D:4)
  Duvessa (D:6)
  A sky beast (D:6)
  A black bear (D:4)
  An ogre (D:4)
  2 centaurs
  2 giant frogs (D:6)
  A water moccasin zombie (Ossuary)
  Dowan (D:6)
  A crimson imp (D:6)
  A goliath beetle (D:6)
  2 hounds
  A giant frog zombie (D:5)
  An iguana (D:6)
  Natasha (thrice) (D:4)
  A big kobold zombie (Ossuary)
  A hound zombie (D:6)
  2 mummies (Ossuary)
  A worker ant zombie (D:5)
  3 gnolls (D:2)
  10 adders
  2 worms
  An adder zombie (D:4)
  An iguana skeleton (Ossuary)
  5 giant geckos
  3 oozes
  2 orcs
  3 ball pythons
  19 bats
  2 bat skeletons
  5 giant cockroaches
  2 gnoll zombies (Ossuary)
  8 hobgoblins
  4 jackals (D:2)
  11 kobolds
  6 quokkas
  6 giant newts
  13 goblins
  A goblin zombie (D:6)
  A hobgoblin zombie (Ossuary)
  A jackal zombie (Ossuary)
  6 kobold zombies (Ossuary)
  5 orc zombies (Ossuary)
  A quokka skeleton (D:6)
  7 rats
  A rat zombie (D:6)
155 creatures vanquished.

Vanquished Creatures (others)
  A kobold zombie (Ossuary)
1 creature vanquished.

Grand Total: 156 creatures vanquished

Notes
Turn   | Place    | Note
--------------------------------------------------------------
     0 | D:1      | Kisielow, the Minotaur Fighter, began the quest for the Orb.
     0 | D:1      | Reached XP level 1. HP: 19/19 MP: 0/0
   123 | D:1      | Reached XP level 2. HP: 27/27 MP: 1/1
   265 | D:1      | Reached skill level 4 in Armour
   721 | D:2      | Found an opulent altar of Gozag.
   721 | D:2      | Found a sparkling altar of Nemelex Xobeh.
   779 | D:2      | Reached XP level 3. HP: 33/33 MP: 2/2
  1197 | D:2      | Found a burning altar of Makhleb.
  1199 | D:2      | Noticed a blizzard demon
  1204 | D:2      | Found a glowing silver altar of Zin.
  1205 | D:2      | Noticed an angel
  1263 | D:2      | Reached XP level 4. HP: 27/41 MP: 3/3
  1654 | D:2      | Found a bloodstained altar of Trog.
  2077 | D:3      | Reached XP level 5. HP: 44/47 MP: 4/4
  2537 | D:3      | Reached skill level 5 in Fighting
  3017 | D:4      | Found a staircase to the Ecumenical Temple.
  3043 | Temple   | Entered the Ecumenical Temple
  3183 | D:4      | Reached skill level 5 in Shields
  3219 | D:4      | Noticed a black bear
  3229 | D:4      | Reached skill level 5 in Armour
  3236 | D:4      | Killed a black bear
  3236 | D:4      | Reached XP level 6. HP: 7/56 MP: 5/5
  3600 | D:4      | Noticed an ogre
  3609 | D:4      | Killed an ogre
  3615 | D:4      | Noticed Menkaure
  3621 | D:4      | Killed Menkaure
  3621 | D:4      | Reached XP level 7. HP: 10/62 MP: 6/6
  3889 | D:4      | Reached skill level 6 in Armour
  4080 | D:4      | Noticed Natasha
  4091 | D:4      | Killed Natasha
  4132 | D:4      | Noticed Natasha
  4138 | D:4      | Killed Natasha
  4415 | D:4      | Noticed Natasha
  4421 | D:4      | Killed Natasha
  4454 | D:5      | Entered Level 5 of the Dungeon
  4471 | D:5      | Reached skill level 5 in Long Blades
  5149 | D:5      | Found an ancient bone altar of Kikubaaqudgha.
  5152 | D:5      | Found a radiant altar of Vehumet.
  5152 | D:5      | Found a deep blue altar of Sif Muna.
  5163 | D:5      | Identified Kikubaaqudgha's Reference Book on Stolen Souls (You found it on level 5 of the Dungeon)
  5181 | D:5      | Identified Sif Muna's Guide on the Voyage
  5190 | D:5      | Identified Vehumet's Catalogue of Confrontation
  5224 | D:6      | Noticed Duvessa
  5224 | D:6      | Noticed Dowan
  5238 | D:6      | Killed Duvessa
  5262 | D:6      | Killed Dowan
  5277 | D:6      | Found a sand-covered staircase.
  5318 | Ossuary  | Entered an ossuary
  5456 | Ossuary  | Reached skill level 7 in Armour
  5544 | Ossuary  | Reached XP level 8. HP: 64/71 MP: 7/7
  5900 | D:6      | Found Donyc's Food Shoppe.
  5987 | D:6      | Noticed Prince Ribbit
  6018 | D:6      | Killed Prince Ribbit
  6345 | D:6      | Noticed a cyan ugly thing
  6361 | D:6      | Mangled by a cyan ugly thing

Action                   |  1- 3 |  4- 6 |  7- 9 || total
-------------------------+-------+-------+-------++-------
Melee: Long sword        |   101 |   155 |   254 ||   510
  Use: Scroll            |       |       |    17 ||    17
       Potion            |       |       |     5 ||     5
  Eat: Chunk             |     1 |     6 |     7 ||    14
       Bread ration      |       |       |     1 ||     1
